 Dungeon Sprint DCSS version 0.26.1 (webtiles) character file.

Game seed: 181756478652779411

26133 Groucho the Acrobat (level 12, -1/70 HPs)
             Began as a Felid Monk on Feb 6, 2021.
             Was the Champion of Qazlal.
             Slain by an earth elemental (29 damage)
             ... in the Dungeon (Sprint VII: "The Pits").
             The game lasted 00:19:35 (5381 turns).

Groucho the Acrobat (Felid Monk)                    Turns: 5381, Time: 00:19:36

Health: -1/70      AC:  3    Str: 10    XL:     12   Next: 95%
Magic:  7/26       EV: 40    Int: 14    God:    Qazlal [******]
Gold:   56         SH: 13    Dex: 24    Spells: 11/11 levels left
                                        Lives:  0   Deaths: 3

rFire    . . .     SeeInvis +     - Unarmed
rCold    + . .     Faith    .   (shield unavailable)
rNeg     . . .     Spirit   .   (armour unavailable)
rPois    .         Reflect  +   (helmet unavailable)
rElec    .         Harm     .   (cloak unavailable)
rCorr    .         Rampage  .   (gloves unavailable)
Will     +....     NoTele   +   (boots unavailable)
Stlth    +.........             r - amulet of reflection
HPRegen  0.21/turn              k - +3 ring of intelligence
MPRegen  0.20/turn              l - +3 ring of strength

@: repel missiles, quick
A: very small, no armour, no weapons or thrown items, stealth, claws 1, fangs 3,
see invisible, speed 1, shaggy fur 3, sharp paws
a: Renounce Religion, Upheaval, Elemental Force, Disaster Area


You were in the Dungeon.
You worshipped Qazlal.
Qazlal was exalted by your worship.
You visited 1 branch You collected 56 gold pieces.

Inventory:

Jewellery
 k - a +3 ring of intelligence (left paw)
 l - a +3 ring of strength (right paw)
 r - an amulet of reflection (around neck)
 s - an uncursed ring of willpower
Scrolls
 f - 2 scrolls of blinking
 h - 3 scrolls of remove curse
 i - 5 scrolls of amnesia
 j - a scroll of summoning
 t - a scroll of fog
 u - 2 scrolls of fear
Potions
 a - 5 potions of curing
 b - 4 potions of heal wounds
 c - 2 potions of haste
 d - 2 potions of magic
 e - 2 potions of berserk rage
 g - 2 potions of invisibility
 m - 3 potions of brilliance
 n - 2 potions of might
 o - 3 potions of mutation
 p - a potion of flight {unknown}
 q - a potion of ambrosia
Miscellaneous
 v - a phial of floods
 w - a lightning rod (4/4)
 x - a phantom mirror


   Skills:
 + Level 18.7 Fighting
 + Level 23.1 Dodging
 - Level 2.9 Stealth
 + Level 18.9 Unarmed Combat
 + Level 18.4 Invocations


You had 11 spell levels left.
You didn't know any spells.
Your spell library was empty.

Dungeon Overview and Level Annotations

Branches:
Dungeon (1/1)

Altars:
Ashenzari
Cheibriados
Dithmenos
Elyvilon
Fedhas
Gozag
Hepliaklqana
Kikubaaqudgha
Makhleb
Nemelex Xobeh
Okawaru
Qazlal
Ru
Sif Muna
Trog
Uskayaw
Vehumet
Wu Jian
Xom
Yredelemnul
Zin
The Shining One
Beogh
Jiyva
Lugonu

Annotations:
D Donald


Innate Abilities, Weirdness & Mutations

You cannot wear armour.
You are incapable of wielding weapons or throwing items.
Your paws allow you to move quietly. (Stealth)
You have sharp claws.
You have razor-sharp teeth.
You have supernaturally acute eyesight. (SInv)
You cover ground quickly.
Your thick and shaggy fur keeps you warm. (AC +3, rC+)
Your sharp claws are effective at attacking unaware monsters.


Message History

Unknown command.
You scratch the hellwing.
The hellwing is moderately wounded.
You block the hellwing's attack. The hellwing misses you.
You closely miss the hellwing.
The hellwing is moderately wounded.
You block the earth elemental's attack.
Unknown command.
You scratch the hellwing but do no damage.
The hellwing is moderately wounded.
You block the hellwing's attack. x2
You mangle the hellwing!! Your claw misses the hellwing.
You bite the hellwing, but do no damage.
The hellwing is severely wounded.
A bat skeleton comes into view.
You block the hellwing's attack. The hellwing completely misses you.
You claw the hellwing!
The hellwing is almost dead.
The earth elemental hits you!!
You die...

#....................''...
#..################..##..# #..##
#G #..##... #..#.# #} #..##...
#..##.# #) #..####' #..# #)# #3
#..####' #..# #Z#. #..##...
#≈.#####E##########..##.#.
########......○.@4.).....)..##.#|
_____.##≈........○..........##.+.
_____.###########++###########.#[
___...###########++###########.+.
#####'##................##..##.##
')))'.##......#..#......##..##...
#####.##....................#####
...)...'................'...#####
##'#####....))#..#......##....)..


You could see an earth elemental, a hellwing and a bat skeleton.

Vanquished Creatures
  A deep elf blademaster (D)
  A shadow dragon (D)
  3 orc warlords (D)
  A cacodemon (D)
  A vampire knight (D)
  A red draconian (D)
  A white draconian (D)
  A minotaur (D)
  A deep elf death mage (D)
  3 yaktaur captains (D)
  A boulder beetle (D)
  A vault guard (D)
  2 naga warriors (D)
  An alligator snapping turtle (D)
  An anaconda (D)
  A catoblepas (D)
  2 vampire magi (D)
  A sun demon (D)
  A deep elf knight (D)
  Sonja (D)
  3 shadow wraiths (D)
  A sea snake (D)
  A sixfirhy (D)
  A cherub (D)
  A flayed ghost (D)
  A wizard (D)
  A phantasmal warrior (D)
  A necromancer (D)
  11 orc knights (D)
  A cyclops (D)
  An orc sorcerer (D)
  A deep elf mage (D)
  A large abomination (D)
  2 guardian serpents (D)
  A black mamba (D)
  An eye of devastation (D)
  Psyche (D)
  2 cane toads (D)
  An orange demon (D)
  A smoke demon (D)
  A rime drake (D)
  3 kobold demonologists (D)
  3 yaktaurs (D)
  A hellwing (D)
  2 efreet (D)
  A demonic crawler (D)
  A wandering mushroom (D)
  A guardian mummy (D)
  A freezing wraith (D)
  3 hornets (D)
  A slime creature (D)
  5 blink frogs (D)
  2 shadows (D)
  2 spriggans (D)
  A wyvern (D)
  A vampire (D)
  3 yaks (D)
  A basilisk (D)
  A steam dragon (D)
  A soldier ant (D)
  2 wargs (D)
  2 acid dragons (D)
  2 floating eyes (D)
  A swamp drake (D)
  8 orc warriors (D)
  A phantom (D)
  A black bear (D)
  2 ogres (D)
  2 centaurs (D)
  2 big kobolds (D)
  A gnoll sergeant (D)
  6 killer bees (D)
  A crimson imp (D)
  A gnoll shaman (D)
  An iron imp (D)
  A hell rat (D)
  A worker ant (D)
  A mummy (D)
  8 gnolls (D)
  2 river rats (D)
  An ufetubus (D)
  An adder skeleton (D)
  A worm (D)
  2 adder simulacra (D)
  A leopard gecko (D)
  8 orcs (D)
  A ball python (D)
  2 bat skeletons (D)
  2 giant cockroaches (D)
  A hobgoblin (D)
  A quokka (D)
  2 frilled lizards (D)
  A giant cockroach zombie (D)
  A jackal skeleton (D)
  4 kobolds (D)
170 creatures vanquished.

Vanquished Creatures (others)
  A bat zombie (D)
1 creature vanquished.

Grand Total: 171 creatures vanquished

Notes
Turn   | Place    | Note
-------+----------+-------------------------------------------
     0 | D        | Groucho the Felid Monk began the quest for the Orb.
     0 | D        | Reached XP level 1. HP: 10/10 MP: 2/2
    17 | D        | Found a bloodstained altar of Trog.
    17 | D        | Found a shimmering blue altar of Sif Muna.
    17 | D        | Found a viscous altar of Jiyva.
    17 | D        | Found a hazy altar of Hepliaklqana.
    17 | D        | Found an opulent altar of Gozag.
    18 | D        | Found a glowing golden altar of the Shining One.
    18 | D        | Found a glowing silver altar of Zin.
    18 | D        | Found a basalt altar of Yredelemnul.
    18 | D        | Found a shimmering altar of Xom.
    18 | D        | Found an ornate altar of the Wu Jian Council.
    18 | D        | Found a sacrificial altar of Ru.
    18 | D        | Found a stormy altar of Qazlal.
    18 | D        | Found an iron altar of Okawaru.
    18 | D        | Found a sparkling altar of Nemelex Xobeh.
    18 | D        | Found a burning altar of Makhleb.
    18 | D        | Found a blossoming altar of Fedhas.
    18 | D        | Found a white marble altar of Elyvilon.
    18 | D        | Found a shadowy altar of Dithmenos.
    18 | D        | Found a snail-covered altar of Cheibriados.
    21 | D        | Found a corrupted altar of Lugonu.
    21 | D        | Found a radiant altar of Vehumet.
    21 | D        | Found a roughly hewn altar of Beogh.
    22 | D        | Found an ancient bone altar of Kikubaaqudgha.
    22 | D        | Found a hide-covered altar of Uskayaw.
    22 | D        | Found a broken altar of Ashenzari.
    33 | D        | Became a worshipper of Qazlal Stormbringer
    33 | D        | Reached * piety under Qazlal
    33 | D        | Reached ** piety under Qazlal
   283 | D        | Noticed a worker ant
   299 | D        | Killed a worker ant
   300 | D        | Reached skill level 5 in Dodging
   300 | D        | Reached skill level 5 in Unarmed Combat
   300 | D        | Reached XP level 2. HP: 6/15 MP: 3/3
   300 | D        | Reached *** piety under Qazlal
   656 | D        | Noticed an ogre
   657 | D        | Killed an ogre
   658 | D        | Reached skill level 5 in Fighting
   658 | D        | Reached skill level 7 in Dodging
   658 | D        | Reached XP level 3. HP: 19/19 MP: 3/6
   658 | D        | Reached XP level 4. HP: 23/23 MP: 3/7
   681 | D        | Reached **** piety under Qazlal
   941 | D        | Noticed a phantom
   949 | D        | Noticed a gnoll sergeant
   960 | D        | Reached skill level 8 in Dodging
   960 | D        | Reached XP level 5. HP: 16/27 MP: 4/9
   972 | D        | Reached skill level 5 in Invocations
   975 | D        | Reached ***** piety under Qazlal
   976 | D        | Reached skill level 9 in Dodging
   985 | D        | Gained mutation: You are covered in thick fur. (AC +2)
                  | [Felid growth]
   985 | D        | Reached XP level 6. HP: 24/31 MP: 2/10
  1028 | D        | Reached skill level 10 in Dodging
  1372 | D        | Noticed a black mamba
  1383 | D        | Killed a black mamba
  1384 | D        | Reached skill level 11 in Dodging
  1384 | D        | Reached XP level 7. HP: 27/37 MP: 7/13
  2246 | D        | Noticed a hellwing
  2263 | D        | Killed a hellwing
  2264 | D        | Reached skill level 12 in Dodging
  2264 | D        | Reached XP level 8. HP: 36/42 MP: 2/15
  2436 | D        | Noticed an efreet
  2439 | D        | Reached skill level 10 in Unarmed Combat
  2443 | D        | Reached skill level 10 in Fighting
  2449 | D        | Killed an efreet
  2449 | D        | Reached ****** piety under Qazlal
  2450 | D        | Reached skill level 13 in Dodging
  2476 | D        | Noticed Psyche
  2476 | D        | Noticed a shadow wraith
  2477 | D        | Noticed a shadow wraith
  2480 | D        | Killed a shadow wraith
  2481 | D        | Reached skill level 14 in Dodging
  2481 | D        | Reached skill level 10 in Invocations
  2481 | D        | Reached XP level 9. HP: 19/48 MP: 3/17
  2486 | D        | Killed Psyche
  2486 | D        | Noticed a rime drake
  2489 | D        | Killed a shadow wraith
  2503 | D        | Killed a rime drake
  2516 | D        | Reached skill level 15 in Dodging
  2516 | D        | Noticed an orange demon
  2529 | D        | Reached XP level 10. HP: 53/53 MP: 5/19
  2545 | D        | Killed an orange demon
  2707 | D        | Noticed a cane toad
  2733 | D        | Killed a cane toad
  2755 | D        | Reached skill level 16 in Dodging
  2771 | D        | Noticed a boulder beetle
  2815 | D        | Mangled by a boulder beetle
  2816 | D        | Reached XP level 9. HP: -11/51 MP: 19/19
  2830 | D        | Killed a boulder beetle
  2851 | D        | Noticed a cyclops
  2855 | D        | Reached XP level 10. HP: 55/55 MP: 15/20
  2856 | D        | Killed a cyclops
  2858 | D        | Noticed a large abomination
  2880 | D        | Killed a large abomination
  2881 | D        | Reached skill level 17 in Dodging
  2887 | D        | Noticed Sonja
  2910 | D        | Killed Sonja
  2976 | D        | Noticed a flayed ghost
  2979 | D        | Killed a flayed ghost
  3002 | D        | Noticed a smoke demon
  3011 | D        | Killed a smoke demon
  3184 | D        | Noticed an orc knight
  3203 | D        | Killed an orc knight
  3204 | D        | Reached XP level 11. HP: 60/60 MP: 9/22
  3206 | D        | Reached skill level 18 in Dodging
  3798 | D        | Noticed an orc sorcerer
  3799 | D        | Killed an orc sorcerer
  3799 | D        | Noticed an orc warlord
  3805 | D        | Killed an orc warlord
  3806 | D        | Reached skill level 15 in Unarmed Combat
  3808 | D        | Noticed a phantasmal warrior
  3822 | D        | Killed a phantasmal warrior
  3823 | D        | Reached skill level 15 in Fighting
  4235 | D        | Noticed Donald
  4249 | D        | Mangled by Donald
  4250 | D        | Reached XP level 10. HP: -9/57 MP: 11/21
  4261 | D        | Noticed a yaktaur captain
  4261 | D        | Noticed a wizard
  4261 | D        | Noticed a yaktaur captain
  4262 | D        | Killed a yaktaur captain
  4262 | D        | Noticed an orc knight
  4263 | D        | Reached skill level 19 in Dodging
  4263 | D        | Noticed a guardian serpent
  4263 | D        | Noticed a deep elf blademaster
  4263 | D        | Noticed an orc knight
  4265 | D        | Noticed an orc knight
  4267 | D        | Noticed an orc knight
  4267 | D        | Noticed an orc knight
  4267 | D        | Killed an orc knight
  4267 | D        | Killed a wizard
  4267 | D        | Killed an orc knight
  4268 | D        | Reached skill level 15 in Invocations
  4268 | D        | Reached XP level 11. HP: 42/61 MP: 8/23
  4269 | D        | Noticed an orc warlord
  4269 | D        | Killed a yaktaur captain
  4269 | D        | Killed an orc knight
  4270 | D        | Noticed an orc warlord
  4271 | D        | Noticed an orc knight
  4272 | D        | Noticed an orc knight
  4273 | D        | Killed an orc knight
  4273 | D        | Killed an orc warlord
  4274 | D        | Reached skill level 20 in Dodging
  4276 | D        | Killed a deep elf blademaster
  4276 | D        | Killed an orc warlord
  4276 | D        | Killed an orc knight
  4276 | D        | Noticed an orc knight
  4277 | D        | Noticed an orc knight
  4293 | D        | Noticed an orc knight
  4301 | D        | Killed an orc knight
  4302 | D        | Gained mutation: Your thick and shaggy fur keeps you warm.
                  | (AC +3, rC+) [Felid growth]
  4302 | D        | Reached XP level 12. HP: 8/67 MP: 2/25
  4325 | D        | Noticed a minotaur
  4337 | D        | Killed a minotaur
  4337 | D        | Noticed a vampire mage
  4338 | D        | Reached skill level 21 in Dodging
  4356 | D        | Killed a vampire mage
  4396 | D        | Noticed a vault guard
  4404 | D        | Killed a vault guard
  4439 | D        | Noticed a yaktaur captain
  4449 | D        | Killed a yaktaur captain
  4450 | D        | Noticed a naga warrior
  4464 | D        | Slain by a naga warrior
  4465 | D        | Reached XP level 11. HP: 0/64 MP: 24/24
  4516 | D        | Noticed a sea snake
  4524 | D        | Killed a sea snake
  4524 | D        | Noticed a shadow wraith
  4542 | D        | Killed a shadow wraith
  4686 | D        | Noticed a naga warrior
  4689 | D        | Noticed a cherub
  4693 | D        | Killed a naga warrior
  4693 | D        | Killed a cherub
  4696 | D        | Killed a naga warrior
  4832 | D        | Noticed a red draconian
  4832 | D        | Noticed a cacodemon
  4832 | D        | Noticed a white draconian
  4832 | D        | Noticed a deep elf death mage
  4832 | D        | Noticed a vampire knight
  4832 | D        | Noticed an alligator snapping turtle
  4835 | D        | Reached XP level 12. HP: 69/69 MP: 16/25
  4836 | D        | Killed a deep elf death mage
  4836 | D        | Killed a cacodemon
  4836 | D        | Killed a white draconian
  4836 | D        | Killed a vampire knight
  4836 | D        | Killed an alligator snapping turtle
  4837 | D        | Reached skill level 22 in Dodging
  4845 | D        | Killed a red draconian
  5317 | D        | Noticed a shadow dragon
  5317 | D        | Noticed an anaconda
  5318 | D        | Noticed a catoblepas
  5323 | D        | Killed an anaconda
  5324 | D        | Killed a catoblepas
  5330 | D        | Killed a shadow dragon
  5330 | D        | Noticed a vampire mage
  5334 | D        | Killed a vampire mage
  5349 | D        | Reached skill level 23 in Dodging
  5381 | D        | Slain by an earth elemental

Illustrated notes

Levels and vault maps discovered:
D:        pitsprint [storerooms_1, entrance_room_1, metal_vault_2, armoury_1,
          mini_pit_1, grid_room_1, main_hall_1, silver_pit, the_coven_2,
          the_vestibule_1, steel_vault_3, golden_pit, hallway_of_sentries,
          crystal_vault_5, iron_vault_5, final_vault]

Skill      XL: |  1  2  3  4  5  6  7  8  9 10 11 12 |
---------------+-------------------------------------+-----
Fighting       | 4 5 6 8 9 11 12 14 16 18 | 18.7
Dodging        | 5 7 8 9 11 12 14 15 19 20 23 | 23.1
Unarmed Combat | 5 6 7 9 11 12 14 16 18 | 18.9
Invocations    | 3 4 5 7 8 10 11 15 17 18 | 18.4
Stealth        | |  2.9

Action                   |  1- 3 |  4- 6 |  7- 9 | 10-12 || total
-------------------------+-------+-------+-------+-------++-------
Melee: Unarmed           |    25 |    91 |    38 |   322 ||   476
       Bite              |     3 |    12 |     4 |    58 ||    77
       Punch             |     1 |     2 |     1 |    26 ||    30
Invok: Upheaval          |       |     3 |    10 |    39 ||    52
       Disaster Area     |       |       |     1 |    10 ||    11
  Use: Potion            |       |     3 |     3 |    13 ||    19
       Scroll            |       |       |       |     1 ||     1
Armor: Skin              |     2 |     2 |     3 |     4 ||    11
Dodge: Dodged            |    21 |    52 |    47 |   280 ||   400
       Repelled          |       |       |     1 |     3 ||     4
Block: Other             |     2 |    21 |    14 |   137 ||   174
       Reflection        |       |       |       |     4 ||     4
